[Event "Titled Tuesday Blitz July 11 Early 2023"]
[White "Lehtosaari, Mauri"]
[Black "Buscar, Michael"]
[WhiteFideId "501999"]
[BlackFideId "2603616"]
[WhiteElo "2506"]
[BlackElo "2361"]
[Result "1-0"]
[Round "4"]
[TimeControl "180+2"]
[Date "2023.07.11"]
[WhiteClock "0:00:11"]
[BlackClock "0:00:00"]
[Board "148"]

1. d4 d5 2. Nf3 Nc6 3. Bg5 h6 4. Bh4 g5 5. Bg3 f5 6. Be5 Nxe5 7. Nxe5 Nf6 8. e3 c6 9. Nd2 Be6 10. Bd3 Bg7 11. c3 Qc7 12. Qc2 Ne4 13. Ng6 Rg8 14. f3 Nxd2 15. Kxd2 f4 16. Rae1 Bf6 17. Kc1 fxe3 18. Kb1 O-O-O 19. Rxe3 Bf7 20. Ne5 Be8 21. h3 h5 22. Bf5+ Kb8 23. Ka1 c5 24. Rhe1 cxd4 25. cxd4 Qxc2 26. Bxc2 g4 27. hxg4 hxg4 28. Nxg4 Bxd4 29. Rxe7 Rc8 30. Bf5 Rd8 31. Be6 Rh8 32. Bxd5 Bd7 33. Be6 Bb5 34. Bb3 Bc5 35. R7e5 b6 36. a4 Ba6 37. a5 Bb7 38. Ka2 Bd4 39. Re7 Rh5 40. axb6 axb6 41. R1e2 Ra5+ 42. Kb1 Rb5 43. Bc4 Rb4 44. Ba2 Ba6 45. Rd2 Kc8 46. Re4 Bb5 47. Be6+ Kb7 48. Ne5 1-0


[Site "https://www.chess.com"]

[Event "Titled Tuesday Blitz July 11 Early 2023"]
[White "Jegorovas, Aleksandras"]
[Black "Fonseca Manrique, Enrique"]
[WhiteFideId "12801950"]
[BlackFideId "5114330"]
[WhiteElo "2356"]
[BlackElo "2503"]
[Result "1-0"]
[Round "4"]
[TimeControl "180+2"]
[Date "2023.07.11"]
[WhiteClock "0:02:16"]
[BlackClock "0:01:38"]
[Board "149"]

1. d4 Nf6 2. c4 c5 3. d5 b5 4. cxb5 a6 5. e3 e6 6. Nc3 Qa5 7. Bd2 Bb7 8. Nge2 axb5 9. dxe6 fxe6 10. Nd5 b4 11. Nxf6+ gxf6 12. Nf4 Nc6 13. Qh5+ Kd8 14. Be2 Be7 15. O-O Kc7 16. a3 Ne5 17. Nd3 Qb5 18. Nxe5 Qxe2 19. Qxe2 1-0


[Site "https://www.chess.com"]

[Event "Titled Tuesday Blitz July 11 Early 2023"]
[White "Dubreuil, Julien"]
[Black "Manukian, Artak"]
[WhiteFideId "621285"]
[BlackFideId "13301373"]
[WhiteElo "2346"]
[BlackElo "2503"]
[Result "1-0"]
[Round "4"]
[TimeControl "180+2"]
[Date "2023.07.11"]
[WhiteClock "0:01:20"]
[BlackClock "0:00:12"]
[Board "150"]

1. e4 c6 2. Nf3 d5 3. exd5 cxd5 4. Ne5 a6 5. d4 e6 6. Bd3 Nd7 7. O-O Ne7 8. Re1 Nxe5 9. dxe5 Nc6 10. Nd2 Nb4 11. Bf1 Be7 12. Nf3 O-O 13. c3 Nc6 14. Bd3 h6 15. Bc2 f5 16. exf6 Rxf6 17. Qd3 Rf5 18. Qe2 Rf8 19. Qd3 Rf5 20. g4 Rxf3 21. Qxf3 e5 22. Bb3 Be6 23. Bf4 Qd6 24. Rad1 Rd8 25. Bg3 Bf6 26. Qg2 Na5 27. Bc2 Nc4 28. Bb3 b5 29. h3 Nxb2 30. Rd2 Na4 31. Rde2 Bf7 32. Bxe5 Bxe5 33. Rxe5 Nxc3 34. Qf3 b4 35. Re7 Qf6 36. Qxf6 gxf6 37. Ra7 Ne4 38. Rxe4 dxe4 39. Bxf7+ 1-0


[Site "https://www.chess.com"]

[Event "Titled Tuesday Blitz July 11 Early 2023"]
[White "Michalczak, Thomas"]
[Black "Shapiro, Daniel"]
[WhiteFideId "4622634"]
[BlackFideId "2001780"]
[WhiteElo "2502"]
[BlackElo "2342"]
[Result "1-0"]
[Round "4"]
[TimeControl "180+2"]
[Date "2023.07.11"]
[WhiteClock "0:00:38"]
[BlackClock "0:00:00"]
[Board "151"]

1. e4 e5 2. Nf3 Nc6 3. Bb5 a6 4. Ba4 Nf6 5. O-O Be7 6. Re1 b5 7. Bb3 d6 8. c3 O-O 9. h3 Na5 10. Bc2 c5 11. d4 Nd7 12. d5 Nb6 13. b3 f5 14. exf5 Bb7 15. Be4 Rc8 16. Be3 Qc7 17. Ng5 Bxg5 18. Bxg5 Qf7 19. Re2 Bxd5 20. Bc2 Nc6 21. Nd2 Ne7 22. g4 Kh8 23. Ne4 Nxf5 24. gxf5 Qxf5 25. Be7 Qxh3 26. Bxf8 Rxf8 27. Re3 Qh6 28. Rg3 Rf4 29. Qd3 Rh4 30. Qf3 Rf4 31. Qg2 Nd7 32. Rd1 Nf6 33. Rxd5 Nxd5 34. Ng5 Nf6 35. Nf7+ 1-0


[Site "https://www.chess.com"]

[Event "Titled Tuesday Blitz July 11 Early 2023"]
[White "Brunner, Nicolas"]
[Black "Avalos Parra, Joao"]
[WhiteFideId "620246"]
[BlackFideId "3402541"]
[WhiteElo "2499"]
[BlackElo "2338"]
[Result "1-0"]
[Round "4"]
[TimeControl "180+2"]
[Date "2023.07.11"]
[WhiteClock "0:02:32"]
[BlackClock "0:00:00"]
[Board "152"]

1. Nf3 d5 2. g3 Nf6 3. Bg2 e6 4. d4 Be7 5. O-O O-O 6. c4 c6 7. Qc2 Nbd7 8. Nbd2 a5 9. e4 dxe4 10. Nxe4 Nxe4 11. Qxe4 Nf6 12. Qe2 a4 13. Rd1 Bd7 14. Ne5 Qc8 15. Bf4 Rd8 16. Rac1 Be8 17. h4 Nd7 18. Nf3 1-0


[Site "https://www.chess.com"]

[Event "Titled Tuesday Blitz July 11 Early 2023"]
[White "AlivodicDario"]
[Black "Bogaudinov, Rushan"]
[BlackFideId "4129288"]
[WhiteElo "2498"]
[BlackElo "2332"]
[Result "0-1"]
[Round "4"]
[TimeControl "180+2"]
[Date "2023.07.11"]
[WhiteClock "0:00:00"]
[BlackClock "0:00:32"]
[Board "153"]

1. d4 d5 2. c4 dxc4 3. Nf3 e6 4. e3 c5 5. Bxc4 Nf6 6. O-O Be7 7. dxc5 Qxd1 8. Rxd1 Bxc5 9. Nbd2 O-O 10. Nb3 Be7 11. Nfd4 a6 12. Be2 b5 13. Na5 Ra7 14. Ndc6 Nxc6 15. Nxc6 Rc7 16. Nxe7+ Rxe7 17. b3 Bb7 18. Ba3 Ree8 19. Bxf8 Kxf8 20. Rac1 g5 21. Rc7 Bd5 22. Bf3 Ra8 23. h3 h5 24. e4 Nxe4 25. Bxe4 Bxe4 26. Rdd7 Bg6 27. Ra7 Rc8 28. Rxa6 Rc1+ 29. Kh2 Rc2 30. Ra8+ Kg7 31. Rb8 Rxa2 32. Rxb5 Rxf2 33. Rxg5 Kf6 34. Rg3 Bf5 35. Rd4 Rb2 36. b4 e5 37. Rh4 Bg6 38. Rf3+ Kg5 39. Rc4 e4 40. Rg3+ Kf4 41. Rgc3 f5 42. Rc2 Rb3 43. Rf2+ Ke3 44. Rf1 Rb2 45. Re1+ Kd3 46. Rec1 e3 47. R4c3+ Kd2 48. Rc8 f4 49. Rg1 Rxb4 50. Rd8+ Bd3 0-1


[Site "https://www.chess.com"]

[Event "Titled Tuesday Blitz July 11 Early 2023"]
[White "Fajdetic, Hrvoje"]
[Black "Tokhirjonova, Gulrukhbegim"]
[WhiteFideId "14501945"]
[BlackFideId "14203626"]
[WhiteElo "2331"]
[BlackElo "2498"]
[Result "0-1"]
[Round "4"]
[TimeControl "180+2"]
[Date "2023.07.11"]
[WhiteClock "0:00:01"]
[BlackClock "0:00:38"]
[Board "154"]

1. d4 Nf6 2. Bf4 e6 3. e3 c5 4. Nd2 Nc6 5. c3 d6 6. Bb5 Bd7 7. dxc5 dxc5 8. Nc4 Nd5 9. Nd6+ Bxd6 10. Bxd6 Qb6 11. c4 Nf6 12. Nf3 O-O-O 13. Bg3 e5 14. Bxc6 Bxc6 15. Qe2 Qb4+ 16. Kf1 Be4 17. Nxe5 Rhe8 18. f3 Rxe5 19. fxe4 Rxe4 20. Rd1 Rxd1+ 21. Qxd1 Qxc4+ 22. Kf2 Ng4+ 23. Kg1 Nxe3 24. Qb1 Nc2 25. h3 Re2 26. Kh2 Qe4 27. Rg1 f5 28. Qf1 g5 29. Bd6 Nd4 30. Kh1 b6 31. b4 c4 32. a4 c3 33. a5 c2 34. axb6 axb6 35. b5 f4 36. Qa1 Nxb5 37. Qa6+ Kd7 38. Qxb5+ Kxd6 39. Qxg5 Rxg2 40. Rxg2 c1=Q+ 41. Kh2 Qce3 42. Qd8+ Ke5 43. Rg5+ Ke6 44. Qe8+ Kf6 45. Qd8+ Qe7 46. Rf5+ Kxf5 0-1


[Site "https://www.chess.com"]

[Event "Titled Tuesday Blitz July 11 Early 2023"]
[White "Keleberda, Tymur"]
[Black "DeyanKostov"]
[WhiteFideId "14174294"]
[WhiteElo "2498"]
[BlackElo "2326"]
[Result "1-0"]
[Round "4"]
[TimeControl "180+2"]
[Date "2023.07.11"]
[WhiteClock "0:00:05"]
[BlackClock "0:00:04"]
[Board "155"]

1. d4 d5 2. Nc3 Nf6 3. Bf4 e6 4. e3 Bd6 5. Nge2 O-O 6. Nb5 Bxf4 7. Nxf4 a6 8. Na3 c5 9. c3 Qc7 10. dxc5 Qxc5 11. Be2 Nc6 12. O-O e5 13. Nd3 Qe7 14. Nc2 Bf5 15. Ncb4 Nxb4 16. Nxb4 Rfd8 17. a4 d4 18. exd4 exd4 19. Re1 dxc3 20. Qb3 cxb2 21. Qxb2 a5 22. Na2 Re8 23. h3 Rac8 24. Qd2 Rc2 25. Qg5 Bg6 26. Bf1 Qxe1 27. Rxe1 Rxe1 28. Qxa5 Re8 29. Bb5 Rxa2 30. Bxe8 Nxe8 31. Qe5 f6 32. Qb5 Bf7 33. a5 h6 34. Qb6 Kh7 35. Qxb7 Kg8 36. Qb6 Bc4 37. Qc6 Bf7 38. a6 f5 39. Qb6 Nf6 40. a7 Kh7 41. Qb7 Bd5 42. Qb8 Ra1+ 43. Kh2 Ra2 44. Qb6 Kg6 45. Kg3 Kh7 46. f3 Kg6 47. h4 Kh7 48. Kh3 Kg6 49. Qc5 Kh7 50. h5 Kh8 51. Kh4 Ra4+ 52. Kh3 Kh7 53. Qc7 Ra2 54. Kh2 Nxh5 55. Qd7 Nf6 56. Qxf5+ Kg8 57. Qc8+ Kh7 58. Qc7 h5 59. Kg3 Kg6 60. Qb6 Kh7 61. Kf4 Rxg2 62. Qa5 Ra2 63. Qxa2 Bxa2 64. a8=Q Bd5 65. Qa5 Kg6 66. Qb6 Bf7 67. Qb1+ Kh6 68. Kg3 Bg6 69. Qb6 Kh7 70. Qa7 Kh6 71. Kh4 Kh7 72. f4 Kh6 73. Qb6 Bf5 74. Qb5 Bg4 75. Qg5+ Kh7 76. f5 Kg8 77. Qg6 Kf8 78. Kg3 Ke7 79. Kf4 Kf8 80. Ke5 Kg8 81. Ke6 Be2 82. Qf7+ Kh7 83. Ke7 h4 84. Kf8 Nh5 85. Qg8+ Kh6 86. Qe6+ Kg5 87. Qxe2 h3 88. Qe3+ Kg4 89. Qe2+ Kh4 90. Qf2+ Kg4 91. Kf7 Nf4 92. Kxg7 Kxf5 93. Qh4 Ke4 94. Kf6 Kf3 95. Kf5 Kg2 96. Qg4+ Kf2 97. Qxf4+ Kg2 98. Qg4+ Kh2 99. Kf4 Kh1 100. Kf3 Kh2 101. Qg3+ Kh1 102. Qxh3+ Kg1 103. Qg2# 1-0


[Site "https://www.chess.com"]

[Event "Titled Tuesday Blitz July 11 Early 2023"]
[White "Womacka, Mathias"]
[Black "Samarth J Rao"]
[WhiteFideId "4611390"]
[BlackFideId "46652370"]
[WhiteElo "2495"]
[BlackElo "2324"]
[Result "0-1"]
[Round "4"]
[TimeControl "180+2"]
[Date "2023.07.11"]
[WhiteClock "0:00:24"]
[BlackClock "0:01:15"]
[Board "156"]

1. e4 c5 2. Nf3 e6 3. d4 cxd4 4. Nxd4 a6 5. Bd3 Bc5 6. Nb3 Ba7 7. Qg4 Kf8 8. Nc3 Nc6 9. Qg3 d6 10. Bg5 Nge7 11. O-O-O h6 12. Be3 Bb8 13. f4 b5 14. Kb1 b4 15. Na4 Bc7 16. Qf2 Rb8 17. e5 d5 18. g4 h5 19. h3 Bd7 20. Nac5 a5 21. f5 Kg8 22. fxe6 Bxe6 23. Nxe6 fxe6 24. Nc5 Qc8 25. Rdf1 Nxe5 26. Bd4 N7c6 27. Ba6 Qe8 28. Bb7 Nxd4 29. Qxd4 hxg4 30. hxg4 Rxh1 31. Rxh1 Qg6 32. Nxe6 Rxb7 33. Nxc7 Rxc7 34. Qxe5 Qxc2+ 35. Ka1 Qc1+ 0-1


[Site "https://www.chess.com"]

[Event "Titled Tuesday Blitz July 11 Early 2023"]
[White "Lopez Del Alamo, Antonio"]
[Black "Kleiman, Jake"]
[WhiteFideId "2227339"]
[BlackFideId "2020041"]
[WhiteElo "2318"]
[BlackElo "2492"]
[Result "1-0"]
[Round "4"]
[TimeControl "180+2"]
[Date "2023.07.11"]
[WhiteClock "0:00:53"]
[BlackClock "0:00:00"]
[Board "157"]

1. e4 Nf6 2. e5 Nd5 3. d4 d6 4. c4 Nb6 5. exd6 exd6 6. Nc3 Be7 7. Qf3 O-O 8. Be3 Nc6 9. O-O-O Be6 10. b3 a5 11. Bd3 d5 12. c5 Nc8 13. Nge2 Bf6 14. g4 a4 15. h4 axb3 16. axb3 Nb4 17. Bb1 c6 18. g5 Be7 19. Nf4 Qa5 20. Na4 b5 21. cxb6 Nxb6 22. Nxe6 fxe6 23. Qh5 Rf5 24. Bxf5 exf5 25. g6 hxg6 26. Qxg6 Nxa4 27. Bh6 Na2+ 28. Kb1 N4c3+ 29. Kc2 Nb4+ 30. Kd2 Qa2+ 31. Ke3 Qe2+ 32. Kf4 Qxf2+ 33. Ke5 Bf6+ 34. Kd6 Nb5+ 35. Kd7 1-0


[Site "https://www.chess.com"]

[Event "Titled Tuesday Blitz July 11 Early 2023"]
[White "Postlmayer, Jakob"]
[Black "Okike, David"]
[WhiteFideId "1643622"]
[BlackFideId "8500134"]
[WhiteElo "2490"]
[BlackElo "2314"]
[Result "1-0"]
[Round "4"]
[TimeControl "180+2"]
[Date "2023.07.11"]
[WhiteClock "0:00:22"]
[BlackClock "0:00:41"]
[Board "158"]

1. e4 c5 2. Nf3 Nc6 3. Bb5 g6 4. O-O Bg7 5. Re1 Nh6 6. c3 O-O 7. d4 cxd4 8. cxd4 d5 9. exd5 Nb4 10. Nc3 Nf5 11. Bc4 Nd6 12. Bb3 a5 13. a3 Na6 14. Bg5 f6 15. Bf4 g5 16. Bg3 Kh8 17. Qe2 Nf5 18. Rad1 Nc7 19. h4 h6 20. hxg5 hxg5 21. Bh2 Ne8 22. Bc2 Rf7 23. Ne4 Qxd5 24. Nexg5 fxg5 25. Nxg5 Rf6 26. Qh5+ Nh6 27. Qxe8+ Rf8 28. Qg6 Bf5 29. Bxf5 Qxf5 30. Qxf5 Rxf5 31. Ne6 Bf6 32. Bg3 Rg8 33. Re4 Kh7 34. Rd3 Rd5 35. Nc7 Rd7 36. Nb5 Nf5 37. Be5 Rd5 38. Nc3 Rd7 39. Bxf6 exf6 40. d5 Rgd8 41. g3 Kg6 42. Kg2 Kf7 43. Rf4 Ne7 44. Rfd4 Nf5 45. Re4 Ne7 46. Ra4 b6 47. Rc4 Nxd5 48. Nxd5 Rxd5 49. Rxd5 Rxd5 50. b4 axb4 51. Rxb4 b5 52. Kh3 Kg6 53. Kg4 Rc5 54. f4 f5+ 55. Kh3 Kf6 56. a4 bxa4 57. Rxa4 Rc6 58. Ra5 Kg6 59. Rd5 Rb6 60. Kg2 Ra6 61. Rd3 Rb6 62. Kf3 Ra6 63. Ke3 Re6+ 64. Kf2 Ra6 65. Kg2 Rb6 66. Rd5 Ra6 67. Rd8 Rb6 68. Kh3 Ra6 69. Rg8+ Kf7 70. Rb8 Kg6 71. Kh4 Rc6 72. Rg8+ Kf7 73. Rg5 Kf6 74. Kh5 Rc1 75. Rg6+ Kf7 76. Kg5 Rc5 77. Rf6+ Kg7 78. Rxf5 Rc3 79. g4 Rc1 80. Ra5 Rc7 81. f5 Kh7 82. Ra6 Rb7 83. Kf6 Rc7 84. g5 Rc8 85. Ra7+ Kg8 86. Kg6 Kh8 87. f6 Rg8+ 88. Kh6 Rb8 89. Rh7+ Kg8 90. f7+ Kf8 91. Rh8+ Ke7 92. Rxb8 Kxf7 93. g6+ 1-0


[Site "https://www.chess.com"]

[Event "Titled Tuesday Blitz July 11 Early 2023"]
[White "Romero Arzuaga, Yudel"]
[Black "Matyukov, Petr"]
[WhiteFideId "3521010"]
[BlackFideId "4103688"]
[WhiteElo "2309"]
[BlackElo "2489"]
[Result "1-0"]
[Round "4"]
[TimeControl "180+2"]
[Date "2023.07.11"]
[WhiteClock "0:00:50"]
[BlackClock "0:00:00"]
[Board "159"]

1. d4 Nf6 2. Nf3 e6 3. Bf4 Be7 4. e3 c5 5. Nbd2 Nc6 6. c3 b6 7. Bd3 O-O 8. Qe2 Bb7 9. O-O d6 10. h3 Re8 11. Bh2 Rc8 12. Rad1 Qc7 13. Rfe1 a6 14. Bxa6 Bxa6 15. Qxa6 Ra8 16. Qc4 Qa7 17. a3 Na5 18. Qe2 Rec8 19. e4 b5 20. e5 dxe5 21. dxe5 Nd5 22. Ne4 Nc4 23. Nd6 Bxd6 24. exd6 Rd8 25. Bg3 Nxd6 26. Rxd5 exd5 27. Bxd6 h6 28. Bg3 d4 29. cxd4 cxd4 30. Rd1 Rac8 31. Qe4 Rc4 32. Ne5 Qe7 33. f3 Qa7 34. Nxc4 bxc4 35. Bf2 Qb8 36. Rxd4 Re8 37. Qf4 Qxb2 38. Rd7 Qb1+ 39. Kh2 Rf8 40. Bc5 Qb5 41. Rc7 1-0


[Site "https://www.chess.com"]

[Event "Titled Tuesday Blitz July 11 Early 2023"]
[White "Clawitter, Craig"]
[Black "Namitbir Singh Walia"]
[WhiteFideId "2023105"]
[BlackFideId "35071068"]
[WhiteElo "2304"]
[BlackElo "2484"]
[Result "0-1"]
[Round "4"]
[TimeControl "180+2"]
[Date "2023.07.11"]
[WhiteClock "0:00:00"]
[BlackClock "0:00:08"]
[Board "160"]

1. e4 c5 2. Nf3 Nc6 3. d4 cxd4 4. Nxd4 g6 5. Nc3 Bg7 6. Be3 Nf6 7. Bc4 Qa5 8. O-O O-O 9. Bb3 d6 10. h3 Bd7 11. Re1 a6 12. Qe2 Qc7 13. Rad1 Na5 14. Nd5 Nxd5 15. exd5 Rac8 16. c3 Nxb3 17. axb3 Qa5 18. c4 Rfe8 19. Bd2 Qb6 20. Bc3 e5 21. dxe6 Bxe6 22. Nxe6 Rxe6 23. Qg4 Rce8 24. Rxe6 Rxe6 25. Bxg7 Kxg7 26. Qd4+ Qxd4 27. Rxd4 Kf6 28. Kf1 Ke7 29. Rd3 h5 30. g3 Re5 31. f4 Re4 32. Kf2 Ke6 33. Re3 Rxe3 34. Kxe3 d5 35. Kd4 dxc4 36. bxc4 Kd6 37. b4 Kc6 38. g4 hxg4 39. hxg4 f6 40. g5 fxg5 41. fxg5 b6 42. Ke5 a5 0-1


[Site "https://www.chess.com"]

[Event "Titled Tuesday Blitz July 11 Early 2023"]
[White "MunichMouse"]
[Black "mjbacojo"]
[WhiteElo "2302"]
[BlackElo "2484"]
[Result "1-0"]
[Round "4"]
[TimeControl "180+2"]
[Date "2023.07.11"]
[WhiteClock "0:00:16"]
[BlackClock "0:01:00"]
[Board "161"]

1. d4 Nf6 2. c4 e6 3. Nf3 c5 4. g3 b6 5. Bg2 Bb7 6. d5 exd5 7. Nh4 g6 8. Nc3 Bg7 9. O-O O-O 10. Bg5 Na6 11. Nxd5 Rb8 12. Nxf6+ Bxf6 13. Bxb7 Rxb7 14. Bxf6 Qxf6 15. b3 Nb4 16. a3 Nc6 17. Qd5 Rbb8 18. Nf3 Qe6 19. e4 Qxd5 20. exd5 Na5 21. Rab1 Rfe8 22. Rfe1 Rxe1+ 23. Nxe1 b5 24. cxb5 Rxb5 25. b4 Nc4 26. Rc1 cxb4 27. Rxc4 bxa3 28. Ra4 Rxd5 29. Rxa3 a5 30. Nd3 Kf8 31. Kf1 Ke7 32. Ke2 Kd6 33. f4 Kc6 34. Rc3+ Kb5 35. Rc7 a4 36. Ra7 f6 37. Kd2 Kc4 38. Rxa4+ Kb3 39. Rb4+ Ka3 40. Rb7 h5 41. Kc3 Ka4 42. Kc4 Ra5 43. Rb3 d5+ 44. Kc3 Ra8 45. Nc5+ Ka5 46. Ra3+ 1-0


[Site "https://www.chess.com"]

[Event "Titled Tuesday Blitz July 11 Early 2023"]
[White "Liu, Kelsey"]
[Black "Camacho Collados, Marcos"]
[WhiteFideId "30944481"]
[BlackFideId "2266237"]
[WhiteElo "2276"]
[BlackElo "2483"]
[Result "0-1"]
[Round "4"]
[TimeControl "180+2"]
[Date "2023.07.11"]
[WhiteClock "0:00:05"]
[BlackClock "0:00:07"]
[Board "162"]

1. d4 d6 2. Nf3 g6 3. c4 Bg7 4. g3 Nf6 5. Bg2 O-O 6. Nc3 c6 7. O-O Qb6 8. e4 Bg4 9. Be3 Qb4 10. Qb3 a5 11. h3 Bxf3 12. Bxf3 Nfd7 13. Be2 e5 14. d5 Nc5 15. Bxc5 dxc5 16. Qc2 Qb6 17. Na4 Qa7 18. Rad1 cxd5 19. cxd5 Nd7 20. Bb5 Rad8 21. Bxd7 Rxd7 22. Qxc5 Qa6 23. Nb6 Rdd8 24. d6 Qe2 25. Rfe1 Qxb2 26. d7 Qxa2 27. Qe7 h5 28. Rc1 Qd2 29. Red1 Qe2 30. Re1 Qb2 31. Rb1 Qd4 32. Rb5 Qc3 33. Rf1 Qc6 34. Rbb1 Bf6 35. Qa3 Qxe4 36. Qxa5 Qf5 37. Kh2 h4 38. g4 Qf4+ 39. Kg2 Qe4+ 40. f3 Qc2+ 41. Kh1 Qc6 42. Rbc1 Qe6 43. Rc8 Rxd7 44. Rxf8+ Kxf8 45. Nxd7+ Qxd7 46. Qb4+ Kg7 47. Rb1 Qd3 48. Qxb7 Qe2 49. Qd5 Qf2 50. Qe4 Qg3 51. Rb2 Qxh3+ 52. Rh2 Qf1# 0-1


[Site "https://www.chess.com"]

[Event "Titled Tuesday Blitz July 11 Early 2023"]
[White "Rom, Jasper"]
[Black "lagarto93"]
[WhiteFideId "2023733"]
[WhiteElo "2422"]
[BlackElo "2483"]
[Result "0-1"]
[Round "4"]
[TimeControl "180+2"]
[Date "2023.07.11"]
[WhiteClock "0:00:00"]
[BlackClock "0:01:28"]
[Board "163"]

1. e4 e6 2. d4 d5 3. Bd3 dxe4 4. Bxe4 Nf6 5. Bf3 c5 6. Ne2 Be7 7. Be3 Nbd7 8. dxc5 Bxc5 9. Bxc5 Nxc5 10. Qxd8+ Kxd8 11. Nbc3 a6 12. O-O-O+ Kc7 13. g4 h6 14. h4 Bd7 15. g5 Ne8 16. b4 Na4 17. Rxd7+ Kxd7 18. Nxa4 Ke7 19. Rd1 hxg5 20. hxg5 Nd6 21. Nb6 Rad8 22. c4 Nxc4 23. Nxc4 Rc8 24. Kb2 Rxc4 25. a3 b6 26. Nc3 Rh2 27. Rd2 Rf4 28. Bb7 Rfxf2 29. Rxf2 Rxf2+ 30. Kb3 a5 31. b5 Rf5 32. Bc6 Kd6 33. Ne4+ Ke5 34. Nc3 Kd4 35. Na4 e5 36. Nxb6 e4 37. Nc4 Rf3+ 0-1


[Site "https://www.chess.com"]

[Event "Titled Tuesday Blitz July 11 Early 2023"]
[White "Bettalli, Francesco"]
[Black "Kiselev, Pavel"]
[WhiteFideId "2816453"]
[BlackFideId "4191102"]
[WhiteElo "2482"]
[BlackElo "2235"]
[Result "1-0"]
[Round "4"]
[TimeControl "180+2"]
[Date "2023.07.11"]
[WhiteClock "0:02:17"]
[BlackClock "0:00:01"]
[Board "164"]

1. d4 Nf6 2. Nc3 e6 3. Bg5 d5 4. f3 c5 5. e3 cxd4 6. exd4 Nc6 7. Bd3 Be7 8. Nge2 h6 9. Bh4 Nd7 10. Bxe7 Qxe7 11. O-O O-O 12. Re1 b6 13. Qd2 Qf6 14. Kh1 Bb7 15. a4 Kh8 16. Nb5 e5 17. dxe5 Ncxe5 18. Ng3 Nc5 19. Nh5 Nxf3 20. Qf2 Qg5 21. Qxf3 d4 22. Qh3 Nxd3 23. cxd3 Bxg2+ 24. Qxg2 Qxh5 25. Nxd4 Rad8 26. Re4 f5 27. Rf4 g5 28. Rxf5 Rxf5 29. Nxf5 Qg6 30. Rf1 Rxd3 31. Qa8+ Kh7 32. Qxa7+ Kh8 33. Qb8+ Kh7 34. Qc7+ Kh8 35. Qc8+ Kh7 36. Qb7+ Kh8 37. Ne7 Qe6 38. Qc8+ Kh7 39. Qxe6 1-0


[Site "https://www.chess.com"]

[Event "Titled Tuesday Blitz July 11 Early 2023"]
[White "Shishkov, Andrei"]
[Black "SicilianPanzer"]
[WhiteFideId "4500563"]
[WhiteElo "2479"]
[BlackElo "2217"]
[Result "1-0"]
[Round "4"]
[TimeControl "180+2"]
[Date "2023.07.11"]
[WhiteClock "0:01:04"]
[BlackClock "0:00:00"]
[Board "165"]

1. d4 Nf6 2. c4 e6 3. Nc3 c5 4. d5 exd5 5. cxd5 d6 6. e4 g6 7. h3 Bg7 8. Nf3 O-O 9. Bd3 Na6 10. O-O Nc7 11. Re1 b6 12. Bf4 Ba6 13. Bxa6 Nxa6 14. Qa4 Nb4 15. Rad1 Qe8 16. Qxe8 Nxe8 17. a3 Nc2 18. Re2 Nxa3 19. e5 dxe5 20. Nxe5 Bxe5 21. Bxe5 Nc4 22. d6 Rd8 23. d7 Nxe5 24. Rxe5 Nf6 25. Re7 Kg7 26. g4 Ng8 27. Re5 f6 28. Red5 Rf7 29. Rd6 Ne7 30. f4 f5 31. g5 1-0


[Site "https://www.chess.com"]

[Event "Titled Tuesday Blitz July 11 Early 2023"]
[White "Larina, Maria"]
[Black "Jovic, Stanoje"]
[WhiteFideId "24113182"]
[BlackFideId "905020"]
[WhiteElo "2228"]
[BlackElo "2476"]
[Result "0-1"]
[Round "4"]
[TimeControl "180+2"]
[Date "2023.07.11"]
[WhiteClock "0:00:00"]
[BlackClock "0:01:01"]
[Board "166"]

1. e4 c6 2. d4 d5 3. f3 e6 4. Nc3 Bb4 5. Bd2 Nf6 6. Nge2 O-O 7. Ng3 c5 8. dxc5 Nbd7 9. a3 Bxc5 10. b4 Bb6 11. Na4 dxe4 12. Nxb6 Qxb6 13. fxe4 Ne5 14. Bd3 Bd7 15. Qe2 a5 16. bxa5 Rxa5 17. Bxa5 Qxa5+ 18. Qd2 Qc5 19. Rb1 Bc6 20. Rb3 Rd8 21. Qf2 Qa5+ 22. Ke2 Ba4 23. Rxb7 Bxc2 24. Bb5 Qd2+ 25. Kf1 Qc1+ 26. Qe1 Qxa3 27. h3 h5 28. Kf2 Qc5+ 29. Kf1 Rd1 30. Ne2 Nxe4 0-1


[Site "https://www.chess.com"]

[Event "Titled Tuesday Blitz July 11 Early 2023"]
[White "Matute Escobar, Roxanny"]
[Black "Fernandez Lopez, Ruben"]
[WhiteFideId "3926028"]
[BlackFideId "24518298"]
[WhiteElo "2205"]
[BlackElo "2473"]
[Result "0-1"]
[Round "4"]
[TimeControl "180+2"]
[Date "2023.07.11"]
[WhiteClock "0:00:34"]
[BlackClock "0:01:35"]
[Board "167"]

1. e4 d5 2. exd5 Nf6 3. Nc3 Nxd5 4. Nxd5 Qxd5 5. d4 Nc6 6. c3 e5 7. dxe5 Qxe5+ 8. Be2 Bg4 9. Qa4 Bxe2 10. Nxe2 O-O-O 11. Bf4 Qe6 12. Be3 Bd6 13. O-O Rhe8 14. b4 a6 15. b5 axb5 16. Qxb5 Qe5 17. Qxe5 Bxe5 18. a4 b6 19. a5 Nxa5 20. Rfb1 Nc4 21. Bd4 Bxd4 22. Nxd4 Kb7 23. Rb4 Na5 24. Nf5 g6 25. Ne3 Nc6 26. Rh4 h5 27. h3 Rd3 28. c4 Rd4 29. Rxd4 Nxd4 30. Nd5 Re2 31. Ra3 Rc2 32. Ne3 Rc3 33. Rxc3 Ne2+ 34. Kf1 Nxc3 35. Ke1 Kc6 36. Kd2 Ne4+ 37. Ke2 Kc5 38. f3 Nd6 39. Kd3 h4 40. Ng4 Nxc4 41. Nf6 Nd6 42. Nd7+ Kc6 43. Ne5+ Kd5 44. f4 c5 45. Nf3 b5 46. Nxh4 c4+ 47. Kc2 b4 48. Nf3 b3+ 49. Kb1 c3 50. Ne1 Nb5 51. Nd3 Nd4 52. g3 Kc4 53. Nc1 b2 54. Na2 Kb3 55. Nxc3 Kxc3 56. h4 Kb3 57. g4 Ne2 0-1


[Site "https://www.chess.com"]

[Event "Titled Tuesday Blitz July 11 Early 2023"]
[White "Kopczynski, Michal"]
[Black "Tagliata"]
[WhiteFideId "1124200"]
[WhiteElo "2471"]
[BlackElo "2202"]
[Result "1-0"]
[Round "4"]
[TimeControl "180+2"]
[Date "2023.07.11"]
[WhiteClock "0:02:47"]
[BlackClock "0:02:34"]
[Board "168"]

1. e4 c5 2. d4 cxd4 3. c3 Nf6 4. Bd3 dxc3 5. Nxc3 Nc6 6. f4 d6 7. Nf3 a6 8. O-O Qb6+ 9. Kh1 Bg4 10. Qe1 Bxf3 11. Rxf3 Nd4 12. Rg3 e5 13. fxe5 dxe5 14. Bg5 Qe6 15. Bxf6 gxf6 16. Nd5 Be7 17. Nc7+ 1-0


[Site "https://www.chess.com"]

[Event "Titled Tuesday Blitz July 11 Early 2023"]
[White "Ramu, K."]
[Black "Balla, Tamas-Kristof"]
[WhiteFideId "5006171"]
[BlackFideId "1208497"]
[WhiteElo "2198"]
[BlackElo "2467"]
[Result "0-1"]
[Round "4"]
[TimeControl "180+2"]
[Date "2023.07.11"]
[WhiteClock "0:00:37"]
[BlackClock "0:00:33"]
[Board "169"]

1. e4 c5 2. Nf3 Nc6 3. d4 cxd4 4. Nxd4 e5 5. Nb5 d6 6. c4 Be7 7. N1c3 a6 8. Na3 f5 9. Bd3 f4 10. Be2 Nh6 11. h3 O-O 12. Bg4 Nxg4 13. hxg4 Be6 14. Qf3 Nd4 15. Qh3 h6 16. Bd2 Rc8 17. Nd5 Bxd5 18. cxd5 Qb6 19. Bc3 f3 20. Kd2 Rxc3 21. Kxc3 Rc8+ 22. Nc4 Rxc4+ 23. Kxc4 Qc5+ 0-1


[Site "https://www.chess.com"]

[Event "Titled Tuesday Blitz July 11 Early 2023"]
[White "gueraumasague"]
[Black "Hernandez Bermudez, Ulises Eduardo"]
[BlackFideId "3902510"]
[WhiteElo "2464"]
[BlackElo "2195"]
[Result "1-0"]
[Round "4"]
[TimeControl "180+2"]
[Date "2023.07.11"]
[WhiteClock "0:00:17"]
[BlackClock "0:00:09"]
[Board "170"]

1. e4 e6 2. Nc3 d5 3. Nf3 dxe4 4. Nxe4 Nd7 5. d4 Ngf6 6. Nxf6+ Nxf6 7. g3 Bd7 8. Bg2 Bc6 9. O-O Be7 10. Re1 O-O 11. c4 b6 12. Bf4 Bb4 13. Re2 Bb7 14. Ne5 Bxg2 15. Kxg2 Bd6 16. Bg5 c5 17. Bxf6 gxf6 18. Nf3 Qc7 19. d5 Rad8 20. Qc2 Rfe8 21. Rae1 Qd7 22. Qe4 f5 23. Qh4 Be7 24. Ng5 Bxg5 25. Qxg5+ Kf8 26. Qh6+ Kg8 27. dxe6 fxe6 28. Rxe6 Rxe6 29. Rxe6 Rf8 30. Qg5+ Kh8 31. Re7 Qc6+ 32. f3 Rg8 33. Qe3 Rf8 34. Qe5+ Qf6 35. Qxf6+ Rxf6 36. Rxa7 Rd6 37. Kh3 Rd4 38. b3 Rd2 39. Ra6 Rd6 40. Kh4 Kg7 41. Kg5 Rd3 42. Kf4 Rd6 43. Kxf5 Rf6+ 44. Ke4 Kg6 45. f4 Kh5 46. Kf3 Kg6 47. a4 Kf5 48. a5 Rd6 49. g4+ Ke6 50. Rxb6 Rxb6 51. axb6 Kd6 52. Ke4 Kc6 53. f5 Kxb6 54. Kd5 1-0


[Site "https://www.chess.com"]